[Event "Titled Tuesday Blitz June 21 Late 2022"]
[White "Romanchuk, Viktor"]
[Black "Gimenez Aguirre, Alejo Ismael"]
[WhiteFideId "14109271"]
[BlackFideId "32041667"]
[WhiteElo "2242"]
[BlackElo "2031"]
[Result "1-0"]
[Round "05"]
[TimeControl "180+1"]
[Date "2022.06.22"]
[WhiteClock "0:00:08"]
[BlackClock "0:00:19"]

1. d4 Nf6 2. c4 e6 3. Nc3 Bb4 4. e3 O-O 5. Ne2 d5 6. a3 Bd6 7. Ng3 c6 8. Bd3 Nbd7 9. O-O dxc4 10. Bxc4 b5 11. Be2 Bb7 12. Bf3 a6 13. b4 Qb6 14. Nce4 Be7 15. Bd2 Nd5 16. Qc2 f5 17. Nc5 Nxc5 18. dxc5 Qc7 19. Ne2 Bf6 20. Rad1 Rae8 21. e4 fxe4 22. Bxe4 g6 23. Bc1 a5 24. Bd2 axb4 25. axb4 Ra8 26. Rfe1 Ra4 27. Qb3 Be5 28. g3 Bg7 29. Nf4 Bc8 30. Bg2 Qf7 31. Re2 h6 32. Rde1 Nxf4 33. Bxf4 g5 34. Bd6 Bd7 35. Bxf8 Bxf8 36. Rd1 h5 37. Red2 Be8 38. Bh3 g4 39. Bg2 Bg7 40. h3 Bh6 41. Re2 Bd7 42. hxg4 hxg4 43. Rd4 Ra1+ 44. Rd1 Ra4 45. Qc3 Bg7 46. Qd3 Be8 47. Qe4 e5 48. Qxg4 Kf8 49. Rd6 Ra1+ 50. Kh2 Rb1 51. Bxc6 Bxc6 52. Rxc6 Bf6 53. Rc8+ 1-0


[Site "https://www.chess.com"]

[Event "Titled Tuesday Blitz June 21 Late 2022"]
[White "Romero Ruscalleda, Josep"]
[Black "Goltseva, Ekaterina"]
[WhiteFideId "2231859"]
[BlackFideId "24173770"]
[WhiteElo "2381"]
[BlackElo "2086"]
[Result "1/2-1/2"]
[Round "05"]
[TimeControl "180+1"]
[Date "2022.06.22"]
[WhiteClock "0:00:14"]
[BlackClock "0:00:09"]

1. e4 e5 2. Nf3 Nc6 3. Bc4 Nf6 4. d4 exd4 5. e5 d5 6. Bb5 Ne4 7. Nxd4 Bd7 8. Bxc6 bxc6 9. O-O Bc5 10. Be3 Bb6 11. Nd2 c5 12. N4f3 Nxd2 13. Qxd2 Bb5 14. Rfe1 d4 15. Bg5 Qd5 16. a4 Bc6 17. a5 h6 18. Bh4 g5 19. Bg3 Rg8 20. axb6 cxb6 21. c3 h5 22. cxd4 h4 23. dxc5 hxg3 24. hxg3 g4 25. Qxd5 Bxd5 26. Nh4 bxc5 27. Ra5 Be6 28. Rxc5 Rb8 29. Rc7 Rxb2 30. Rxa7 Kf8 31. Re4 Rb1+ 32. Kh2 Rb5 33. f3 gxf3 34. Nxf3 Rh8+ 35. Rh4 Rxh4+ 36. gxh4 Bg4 37. Ng5 Bh5 38. e6 fxe6 39. Nxe6+ Kg8 40. Nf4 Bf7 41. g3 Rb2+ 42. Kg1 Rc2 43. Kf1 Bc4+ 44. Ke1 Bb5 45. h5 Bc6 46. h6 Be4 47. Ne6 Bf5 48. Ra8+ Kh7 49. Nd4 Rc5 50. Nxf5 Rxf5 51. Ra6 Rf3 52. g4 Rg3 53. Ra4 Kxh6 54. Kf2 Rc3 55. Ra5 Kg6 56. Kg2 Kh6 57. Kh2 Kg6 58. Kg2 Kh6 59. Rb5 Kg6 60. Rd5 Kh6 61. Kh2 Kg6 62. Kg2 Kh6 63. Kf2 Kg6 64. Ke2 Kh6 65. Rd3 Rxd3 66. Kxd3 Kg5 67. Ke4 Kxg4 1/2-1/2


[Site "https://www.chess.com"]

[Event "Titled Tuesday Blitz June 21 Late 2022"]
[White "Sadilek, Peter"]
[Black "Shuvalova, Polina"]
[WhiteFideId "1616439"]
[BlackFideId "24171760"]
[WhiteElo "2145"]
[BlackElo "2330"]
[Result "0-1"]
[Round "05"]
[TimeControl "180+1"]
[Date "2022.06.22"]
[WhiteClock "0:00:02"]
[BlackClock "0:00:06"]

1. d4 Nf6 2. Nf3 d5 3. c4 e6 4. Nc3 c5 5. cxd5 exd5 6. dxc5 Bxc5 7. Bg5 d4 8. Ne4 Bb4+ 9. Bd2 Bxd2+ 10. Nfxd2 O-O 11. Nxf6+ Qxf6 12. g3 Qc6 13. Rg1 Bg4 14. Rc1 Qb6 15. h3 Bh5 16. Qb3 Qa5 17. Bg2 Nc6 18. g4 Bg6 19. h4 h5 20. gxh5 Bxh5 21. Bf3 Bxf3 22. Qxf3 Rfe8 23. Rg5 Qxa2 24. Qg4 Qxb2 25. Rxg7+ Kh8 26. Rb1 Qc2 27. Rg5 Re5 28. Qh5+ Qh7 29. Rxe5 Nxe5 30. Qxe5+ Kg8 31. Qg5+ Kh8 32. Qf6+ Kg8 33. Rb5 Kf8 34. Rxb7 Re8 35. Qd6+ Kg8 36. Qg3+ Kf8 37. Rb8 Qf5 38. Rxe8+ Kxe8 0-1


[Site "https://www.chess.com"]

[Event "Titled Tuesday Blitz June 21 Late 2022"]
[White "Barria Santos, Jose Guilherme"]
[Black "Yurovskykh, Oleksandr"]
[WhiteFideId "1939300"]
[BlackFideId "14134020"]
[WhiteElo "2261"]
[BlackElo "2292"]
[Result "1/2-1/2"]
[Round "05"]
[TimeControl "180+1"]
[Date "2022.06.22"]
[WhiteClock "0:00:16"]
[BlackClock "0:00:15"]

1. c4 c6 2. Nf3 d5 3. g3 Bg4 4. Bg2 e6 5. O-O Nd7 6. b3 Ngf6 7. Bb2 Bd6 8. Nc3 O-O 9. e3 Ne5 10. d4 Nxf3+ 11. Bxf3 Bxf3 12. Qxf3 Qe7 13. e4 dxe4 14. Nxe4 Nxe4 15. Qxe4 Rad8 16. Rad1 Ba3 17. Ba1 Rd7 18. f4 Rfd8 19. Kg2 Qd6 20. Rde1 g6 21. Rd1 Qf8 22. h4 Be7 23. h5 Bf6 24. Rd3 Qg7 25. Rfd1 gxh5 26. Qf3 h4 27. g4 Bxd4 28. Kh3 c5 29. Qe4 Qg6 30. Qf3 h6 31. Kg2 Kh7 32. Kh3 f5 33. R1d2 Rg8 34. gxf5 exf5 35. Bxd4 cxd4 36. Rxd4 Rxd4 37. Rxd4 Qg4+ 38. Qxg4 Rxg4 39. Rd7+ Kg6 40. Rd6+ Kh5 41. Rd4 Rg1 42. Rd5 Rh1+ 43. Kg2 Ra1 44. Rxf5+ Kg4 45. Rf7 h3+ 46. Kh2 Rxa2+ 47. Kh1 Kg3 48. Rg7+ Kxf4 49. Rxb7 a5 50. Rh7 Rb2 51. Rxh6 Rxb3 52. Ra6 Ra3 53. c5 Ke5 54. c6 Kd6 55. Kh2 Kc7 56. Kh1 a4 57. Kh2 Kd6 58. Kh1 Kc7 59. Kh2 Kd6 60. Kh1 Ra2 61. Kg1 Kc7 62. Kh1 Kc8 63. Ra7 Kb8 64. Rb7+ Ka8 65. Rb4 Rc2 66. Rxa4+ Kb8 67. Ra3 h2 68. Rh3 Kc7 69. Rxh2 Rc1+ 70. Kg2 Kxc6 71. Rh6+ Kb5 72. Kf3 Rc5 73. Ke4 Rc4+ 74. Kd3 Rc5 75. Rh4 Rc6 76. Rh5+ Rc5 77. Rh8 Rc6 78. Kd4 Rb6 79. Rh5+ Kb4 80. Rh8 Rb5 81. Rc8 Rb6 82. Rc4+ Kb5 83. Rc5+ Ka6 84. Rg5 Kb7 85. Kc5 Rc6+ 86. Kd5 Rb6 87. Rg7+ Ka6 88. Kc4 Rb7 89. Rxb7 Kxb7 1/2-1/2


[Site "https://www.chess.com"]

[Event "Titled Tuesday Blitz June 21 Late 2022"]
[White "Sarana, Alexey"]
[Black "Svane, Rasmus"]
[WhiteFideId "24133795"]
[BlackFideId "4657101"]
[WhiteElo "2666"]
[BlackElo "2674"]
[Result "0-1"]
[Round "05"]
[TimeControl "180+1"]
[Date "2022.06.21"]
[WhiteClock "0:00:01"]
[BlackClock "0:00:08"]

1. d4 Nf6 2. c4 e6 3. Nc3 Bb4 4. e3 O-O 5. Bd3 d5 6. a3 Bxc3+ 7. bxc3 dxc4 8. Bxc4 c5 9. Ne2 Qc7 10. Bd3 Nc6 11. O-O e5 12. Ng3 exd4 13. cxd4 cxd4 14. exd4 Rd8 15. Bg5 Qd6 16. Nh5 Ng4 17. Ng3 Nf6 18. d5 Qxd5 19. Bxf6 gxf6 20. Be4 Qxd1 21. Rfxd1 Be6 22. h4 h6 23. Rac1 Rxd1+ 24. Rxd1 Rd8 25. Rc1 Na5 26. Rc7 Rc8 27. Rxc8+ Bxc8 28. Nh5 f5 29. Bd3 Nc6 30. Kf1 Ne5 31. Be2 Kf8 32. Ke1 Ke7 33. Kd2 Be6 34. Ke3 Bc4 35. Bd1 Bd5 36. Nf4 Be6 37. Kd4 Kd6 38. Nh5 b5 39. Bc2 Nc4 40. a4 bxa4 41. Bxa4 a5 42. Ng3 Ne5 43. Bc2 Nc6+ 44. Kc3 Ke5 45. Ne2 f4 46. g3 fxg3 47. fxg3 Nb4 48. Bb1 Nd5+ 49. Kb2 Bg4 50. Nc1 Kd4 51. Nb3+ Ke3 52. Nxa5 Kf2 53. Ba2 Be6 54. g4 Kg3 55. g5 h5 56. Bb1 Kxh4 57. g6 f5 58. Nc6 Kg5 59. Nd4 Bd7 60. g7 Ne7 61. Ba2 h4 62. g8=Q+ Nxg8 63. Bxg8 h3 64. Kc3 Kf4 65. Kd2 h2 66. Ne2+ Kg4 67. Bd5 f4 68. Nd4 Kg3 69. Ke1 Bg4 70. Bh1 f3 71. Kd2 f2 0-1


[Site "https://www.chess.com"]

[Event "Titled Tuesday Blitz June 21 Late 2022"]
[White "Semenenko, Dmytry"]
[Black "Barria Zuniga, Daniel"]
[WhiteFideId "14118645"]
[BlackFideId "3400816"]
[WhiteElo "2503"]
[BlackElo "2618"]
[Result "1-0"]
[Round "05"]
[TimeControl "180+1"]
[Date "2022.06.22"]
[WhiteClock "0:01:02"]
[BlackClock "0:00:02"]

1. Nf3 g6 2. c4 Bg7 3. d4 d6 4. Nc3 Nc6 5. d5 Ne5 6. Nxe5 Bxe5 7. e4 Bg7 8. Be3 e6 9. Bd4 Nf6 10. Be2 O-O 11. O-O c5 12. dxc6 bxc6 13. Qd2 c5 14. Be3 Qb6 15. Rfd1 Rd8 16. e5 Ne8 17. exd6 Rxd6 18. Qc2 Bb7 19. Na4 Rxd1+ 20. Rxd1 Qc6 21. Bf3 Qc7 22. Bxb7 Qxb7 23. Nxc5 Qxb2 24. Qe4 Rc8 25. h3 Qxa2 26. Qb7 Rxc5 27. Bxc5 Qxc4 28. Qc8 Bf8 29. Rd8 Qc1+ 30. Kh2 Qxc5 31. Rxe8 Qxc8 32. Rxc8 Kg7 33. Ra8 Bc5 34. f4 h6 35. Kg3 g5 36. fxg5 hxg5 37. Kg4 Be3 38. Kf3 Bb6 39. Ke4 Kf6 40. g4 Ke7 41. Rg8 f6 42. Rg7+ Kd6 43. Rf7 Bd8 44. Rxa7 Be7 45. Ra6+ Kd7 46. Ra7+ Ke8 47. Ra8+ Kd7 48. Rh8 Kd6 49. Rh7 Kd7 50. Rf7 Kd6 51. Rh7 Kd7 52. h4 gxh4 53. Kf4 Kd6 54. Rxh4 Kd7 55. Rh7 Kd6 56. Rf7 Kd7 57. Ke4 Kd6 58. Rh7 Kd7 59. Rh1 Ke8 60. Rd1 Kf7 61. Rd7 Ke8 62. Rb7 Kf7 63. Kf4 Ke8 64. Kg3 Kf7 65. Kh4 f5+ 66. g5 e5 67. Kh5 f4 68. g6+ Kf6 69. Kh6 Bf8+ 70. Kh7 Kg5 71. Rf7 Bh6 72. Re7 f3 73. Rxe5+ Kf4 74. Re7 f2 75. Rf7+ Kg3 76. Rxf2 Kxf2 77. Kxh6 1-0


[Site "https://www.chess.com"]

[Event "Titled Tuesday Blitz June 21 Late 2022"]
[White "Senthilkumar, Pranav"]
[Black "Stanisz, Patryk"]
[WhiteFideId "2083477"]
[BlackFideId "1123106"]
[WhiteElo "2436"]
[BlackElo "1833"]
[Result "0-1"]
[Round "05"]
[TimeControl "180+1"]
[Date "2022.06.22"]
[WhiteClock "0:01:20"]
[BlackClock "0:00:12"]

1. Nf3 d5 2. d4 c6 3. g3 Nf6 4. Bg2 Bf5 5. O-O e6 6. c4 Nbd7 7. Nc3 Be7 8. Ne5 Nxe5 9. dxe5 Nd7 10. f4 O-O 11. e4 dxe4 12. Nxe4 Bxe4 13. Bxe4 Nc5 14. Bg2 Qxd1 15. Rxd1 Rfd8 16. Be3 Na6 17. b3 Bc5 18. Kf2 Kf8 19. Ke2 Bxe3 20. Kxe3 Ke7 21. Rd2 Rxd2 22. Kxd2 Rd8+ 23. Ke2 Nb4 24. a3 Nc2 25. Ra2 Nd4+ 26. Ke3 Nxb3 27. Rb2 Nc5 28. a4 Rd3+ 29. Ke2 Ra3 30. Be4 Rxa4 31. Bd3 Ra3 32. Bxh7 g6 33. g4 Kf8 34. f5 Kg7 35. f6+ Kxh7 36. Rd2 Rh3 37. Rd8 Rxh2+ 38. Kf3 Rh3+ 39. Kg2 Re3 40. Rf8 Rxe5 41. Rxf7+ Kg8 42. Rg7+ Kf8 43. Rxg6 Ne4 44. Rg7 Nxf6 45. Rxb7 a5 46. Kf3 Rg5 47. Rb6 Rxg4 48. Rxc6 Re4 49. c5 Ke7 50. Ra6 a4 51. Ra7+ Kd8 52. Rf7 Rc4 53. Rxf6 Ke7 54. Rh6 Rxc5 55. Rh7+ Kd6 56. Ra7 Rc4 57. Ke3 Kd5 58. Kd3 Rb4 59. Kc3 Rb3+ 60. Kc2 Rb4 61. Kc3 Rg4 62. Ra5+ Kd6 63. Kd3 Ke7 64. Ra8 Kf6 65. Ke3 Rh4 66. Kf3 Kf5 67. Rf8+ Ke5 68. Ra8 Rb4 69. Ra5+ Kf6 70. Ke3 e5 71. Ra8 Rb3+ 72. Ke4 Rb4+ 73. Kd3 Ke6 74. Kc3 Rf4 75. Kd3 Kf5 76. Ke3 Re4+ 77. Kf3 Rb4 78. Rf8+ Ke6 79. Ra8 Kd5 80. Ke3 Rb3+ 81. Kd2 a3 82. Kc2 Rh3 83. Ra4 e4 84. Kd2 Ke5 85. Ra8 Kf4 86. Rf8+ Ke5 87. Re8+ Kd5 88. Rd8+ Kc4 89. Rc8+ Kb3 90. Re8 e3+ 91. Ke2 a2 92. Rb8+ Kc3 93. Ra8 Kd4 94. Ra4+ Kc3 95. Ra8 Rh1 96. Rc8+ Kd4 97. Rd8+ Ke5 98. Re8+ Kf6 99. Ra8 a1=Q 100. Rxa1 Rxa1 101. Kxe3 Ra4 102. Kd3 Ke5 103. Kc3 Rd4 104. Kb3 Kd5 105. Kc3 Kc5 106. Kb3 Rc4 107. Ka3 Kb5 108. Ka2 Kb4 109. Ka1 Rc2 110. Kb1 Rf2 111. Kc1 Kb3 112. Kd1 Ra2 113. Ke1 Kc3 114. Kd1 Rb2 115. Kc1 Rh2 116. Kd1 Kd3 117. Kc1 Rg2 118. Kb1 Kc3 119. Ka1 Kb3 120. Kb1 Rg1# 0-1


[Site "https://www.chess.com"]

[Event "Titled Tuesday Blitz June 21 Late 2022"]
[White "Sernecki, Franciszek"]
[Black "Rios Escobar, Adan"]
[WhiteFideId "1169297"]
[BlackFideId "3403645"]
[WhiteElo "2168"]
[BlackElo "2452"]
[Result "1-0"]
[Round "05"]
[TimeControl "180+1"]
[Date "2022.06.22"]
[WhiteClock "0:00:42"]
[BlackClock "0:00:19"]

1. d4 Nf6 2. c4 g6 3. Nc3 Bg7 4. e4 d6 5. Nf3 O-O 6. Be2 Na6 7. O-O e5 8. dxe5 dxe5 9. Be3 Ng4 10. Bg5 f6 11. Bh4 g5 12. Bg3 Nh6 13. Qb3 Nf7 14. Qa3 c6 15. Rfe1 b6 16. Rad1 Qc7 17. Nd4 Nc5 18. Nf5 Bxf5 19. exf5 Rfd8 20. b4 Nb7 21. c5 Bf8 22. Ne4 Kg7 23. Bc4 a5 24. cxb6 Qxb6 25. Bxf7 Kxf7 26. Qb3+ Kg7 27. Qe6 Qxb4 28. Qxf6+ Kg8 29. Bxe5 Qxe4 30. Qe6# 1-0


[Site "https://www.chess.com"]

[Event "Titled Tuesday Blitz June 21 Late 2022"]
[White "Shapiro, Daniel"]
[Black "Indjic, Aleksandar"]
[WhiteFideId "2001780"]
[BlackFideId "911925"]
[WhiteElo "2283"]
[BlackElo "2616"]
[Result "0-1"]
[Round "05"]
[TimeControl "180+1"]
[Date "2022.06.21"]
[WhiteClock "0:00:02"]
[BlackClock "0:01:10"]

1. d4 Nf6 2. c4 e6 3. g3 c5 4. d5 exd5 5. cxd5 d6 6. Nc3 g6 7. Nf3 Bg7 8. Nd2 Nbd7 9. Nc4 Nb6 10. Ne3 O-O 11. Bg2 Re8 12. a4 Rb8 13. a5 Nbd7 14. Nc4 Ne5 15. Na3 Qxa5 16. Bf4 Qd8 17. Bxe5 dxe5 18. Nc4 a6 19. e4 b5 20. Na5 Bd7 21. Qc1 c4 22. b4 cxb3 23. Nxb3 Qb6 24. O-O Rec8 25. Qd2 Bf8 26. Ne2 b4 27. h3 Bb5 28. Kh2 Rc4 29. Na5 Rxe4 30. Bxe4 Nxe4 31. Qb2 Ng5 32. Nb3 Bg7 33. Rac1 e4 34. Qc2 Bd3 35. Qc6 Bxe2 36. Rfe1 Nf3+ 0-1


[Site "https://www.chess.com"]

[Event "Titled Tuesday Blitz June 21 Late 2022"]
[White "Shimanov, Aleksandr"]
[Black "Adla, Diego"]
[WhiteFideId "4198603"]
[BlackFideId "100072"]
[WhiteElo "2605"]
[BlackElo "2377"]
[Result "1-0"]
[Round "05"]
[TimeControl "180+1"]
[Date "2022.06.21"]
[WhiteClock "0:00:58"]
[BlackClock "0:00:06"]

1. e4 e5 2. Nf3 Nc6 3. Bb5 a6 4. Ba4 Nf6 5. Nc3 Bd6 6. d3 h6 7. a3 O-O 8. Rg1 b5 9. Bb3 Nd4 10. Ba2 Ne6 11. g4 Nh7 12. h4 Be7 13. Nxe5 Bxh4 14. Be3 Bb7 15. Qe2 d6 16. Nf3 Be7 17. O-O-O c6 18. Nd4 Nxd4 19. Bxd4 Bf6 20. Bxf6 Qxf6 21. Qe3 Rfe8 22. f4 d5 23. g5 Qd6 24. Qf2 h5 25. f5 g6 26. Rdf1 Rf8 27. exd5 cxd5 28. Qd4 Rad8 29. Ne2 Bc8 30. Nf4 Bxf5 31. Nxh5 Rfe8 32. Qg7# 1-0


[Site "https://www.chess.com"]

[Event "Titled Tuesday Blitz June 21 Late 2022"]
[White "Shohat, Yotam"]
[Black "Al-Tarboush, Ward"]
[WhiteFideId "2813955"]
[BlackFideId "7601450"]
[WhiteElo "2119"]
[BlackElo "2249"]
[Result "0-1"]
[Round "05"]
[TimeControl "180+1"]
[Date "2022.06.22"]
[WhiteClock "0:00:01"]
[BlackClock "0:00:20"]

1. Nf3 b6 2. g3 Bb7 3. Bg2 e6 4. O-O Nf6 5. d3 d5 6. Nbd2 Be7 7. e4 c5 8. Qe2 Nc6 9. c3 a5 10. a4 Qc7 11. Nb1 dxe4 12. dxe4 Ba6 13. Qc2 Bxf1 14. Bxf1 O-O 15. Na3 Rad8 16. Bf4 Qb7 17. Nc4 Rd7 18. Ra3 Na7 19. Rb3 Nc8 20. Nfe5 Rdd8 21. f3 h6 22. Nxa5 Qa8 23. Nac6 Rde8 24. Bb5 Nd6 25. Nxe7+ Rxe7 26. Ng6 fxg6 27. Bxd6 Ref7 28. Bxf8 Qxf8 29. Bc4 Kh7 30. Rxb6 Nd7 31. Rxe6 Rxf3 32. e5 Qf7 33. Rxg6 Qxc4 34. Rf6+ Qd3 35. Qxd3+ Rxd3 36. Rc6 Rd1+ 37. Kf2 Rd2+ 38. Ke3 Rxb2 39. e6 Nf6 40. a5 Rb5 41. a6 Ra5 42. Kd3 Kg6 43. Kc4 Ng4 44. e7+ Kf7 0-1


[Site "https://www.chess.com"]

[Event "Titled Tuesday Blitz June 21 Late 2022"]
[White "Sjugirov, Sanan"]
[Black "Tsvetkov, Andrey"]
[WhiteFideId "4189302"]
[BlackFideId "34139360"]
[WhiteElo "2602"]
[BlackElo "2280"]
[Result "1-0"]
[Round "05"]
[TimeControl "180+1"]
[Date "2022.06.21"]
[WhiteClock "0:00:07"]
[BlackClock "0:00:07"]

1. e4 c5 2. Nf3 d6 3. d4 cxd4 4. Nxd4 Nf6 5. Nc3 a6 6. Be3 e5 7. Nf3 Be7 8. Bc4 Be6 9. Bb3 Nbd7 10. O-O Qc8 11. Nh4 g6 12. Nf3 O-O 13. h3 Bxb3 14. cxb3 b5 15. Bg5 Qb7 16. b4 Rfe8 17. Re1 Rad8 18. Qb3 Rc8 19. Rad1 Kg7 20. a3 h6 21. Bxf6+ Nxf6 22. Nd5 Nxd5 23. Rxd5 Rc4 24. Nd2 Rc6 25. Nb1 Rec8 26. Nc3 Bd8 27. Qd1 Qb8 28. Rd2 Bb6 29. Nd5 Qb7 30. Qf3 Re8 31. h4 h5 32. g3 Re6 33. Kg2 Bd4 34. Ree2 Rc8 35. Rc2 Kg8 36. Qd3 f5 37. Rxc8+ Qxc8 38. Rc2 Qb7 39. Rc7 Qa8 40. Qc2 Re8 41. Nf6+ Kf8 42. Nxe8 fxe4 43. Rc8 1-0


[Site "https://www.chess.com"]

[Event "Titled Tuesday Blitz June 21 Late 2022"]
[White "Sohal, Tanraj"]
[Black "Kosakowski, Jakub"]
[WhiteFideId "2608499"]
[BlackFideId "1185080"]
[WhiteElo "2200"]
[BlackElo "2476"]
[Result "1-0"]
[Round "05"]
[TimeControl "180+1"]
[Date "2022.06.21"]
[WhiteClock "0:00:09"]
[BlackClock "0:00:01"]

1. d4 g6 2. Nf3 Bg7 3. c4 Nf6 4. Nc3 d5 5. e3 O-O 6. Be2 c5 7. O-O cxd4 8. Nxd4 dxc4 9. Bxc4 a6 10. b3 b5 11. Be2 Bb7 12. Bf3 Qb6 13. Bb2 Rd8 14. Bxb7 Qxb7 15. Qf3 Qxf3 16. Nxf3 Nc6 17. Rfd1 Nb4 18. Ne1 Rac8 19. Rxd8+ Rxd8 20. Ba3 a5 21. Rd1 Rxd1 22. Nxd1 Nfd5 23. Bxb4 Nxb4 24. a3 Nc6 25. Kf1 e6 26. Ke2 Kf8 27. a4 bxa4 28. bxa4 Ke7 29. Kd3 Kd6 30. Kc4 Nb4 31. Kb5 Nd5 32. Nd3 Nc7+ 33. Kb6 f5 34. f3 e5 35. e4 fxe4 36. fxe4 Bh6 37. Nc3 Ne6 38. Kxa5 Bd2 39. Kb4 Nd4 40. Kc4 1-0


[Site "https://www.chess.com"]

[Event "Titled Tuesday Blitz June 21 Late 2022"]
[White "Suleymanli, Aydin"]
[Black "Hansen, Eric"]
[WhiteFideId "13413937"]
[BlackFideId "2606771"]
[WhiteElo "2481"]
[BlackElo "2568"]
[Result "1-0"]
[Round "05"]
[TimeControl "180+1"]
[Date "2022.06.21"]
[WhiteClock "0:00:08"]
[BlackClock "0:00:03"]

1. d4 Nf6 2. c4 e6 3. Nf3 d5 4. Nc3 a6 5. cxd5 exd5 6. Bg5 Be6 7. Qb3 Ra7 8. e4 dxe4 9. d5 Bf5 10. Nh4 Bg6 11. Nxg6 hxg6 12. Nxe4 Be7 13. Nxf6+ Bxf6 14. Be3 b6 15. O-O-O Nd7 16. Kb1 O-O 17. h4 Ne5 18. h5 g5 19. Qc2 Ng4 20. Qe4 Nxe3 21. Bd3 Re8 22. Qh7+ Kf8 23. Rhe1 Re5 24. fxe3 Ra8 25. Bc4 Ke7 26. Rf1 Qh8 27. d6+ cxd6 28. Qd3 Rd8 29. Bd5 b5 30. Qd4 Qxh5 31. e4 Qg4 32. Qa7+ Rd7 33. Qxa6 Rxd5 34. exd5 Qe4+ 35. Ka1 Qb4 36. Rfe1+ Be5 37. Re2 Qc5 38. Qc6 Qxc6 39. dxc6 Rc7 40. Rc2 Ke6 41. Kb1 f5 42. b4 g4 43. a4 bxa4 44. b5 a3 45. b6 Ra7 46. bxa7 1-0


[Site "https://www.chess.com"]

[Event "Titled Tuesday Blitz June 21 Late 2022"]
[White "Svicevic, Rastko"]
[Black "Sibilio, Mario"]
[WhiteFideId "916315"]
[BlackFideId "800422"]
[WhiteElo "2049"]
[BlackElo "2296"]
[Result "1-0"]
[Round "05"]
[TimeControl "180+1"]
[Date "2022.06.22"]
[WhiteClock "0:00:13"]
[BlackClock "0:00:01"]

1. d4 Nf6 2. Bg5 c6 3. Bxf6 exf6 4. e3 Qb6 5. Qc1 d5 6. g3 f5 7. Ne2 Nd7 8. Bg2 Nf6 9. Nd2 Be6 10. O-O g5 11. c4 Qa6 12. cxd5 Bxd5 13. Nc3 Bxg2 14. Kxg2 Qd3 15. Rd1 g4 16. Nde4 Qxe4+ 17. Nxe4 Nxe4 18. Qc4 Bd6 19. b4 h5 20. d5 c5 21. bxc5 Bxc5 22. Qb5+ Kf8 23. Qxb7 Kg7 24. Qb2+ Kg6 25. Rac1 Rab8 26. Qe5 Bd6 27. Rc6 Rb6 28. Rxb6 axb6 29. Qb2 f6 30. Qxb6 h4 31. a4 Rb8 32. Qc6 Rb2 33. Rf1 hxg3 34. hxg3 Bxg3 35. Qe8+ Kg7 36. Qe7+ Kg6 37. Qe8+ Kg7 38. Qxe4 fxe4 39. Kxg3 Re2 40. Rd1 Kf7 41. d6 Ke8 42. d7+ Kd8 43. a5 Ra2 44. Rd5 f5 45. Rxf5 Kxd7 46. Kxg4 Ke6 47. Rf4 Rxa5 48. Rxe4+ Kf6 49. f4 Ra1 50. Rb4 Rg1+ 51. Kf3 Rf1+ 52. Ke4 Ra1 53. Rb6+ Kf7 54. Kf5 Ra5+ 55. Kg4 Ra4 56. Rc6 1-0


[Site "https://www.chess.com"]

[Event "Titled Tuesday Blitz June 21 Late 2022"]
[White "Tari, Aryan"]
[Black "Barp, Alberto"]
[WhiteFideId "1510045"]
[BlackFideId "872555"]
[WhiteElo "2567"]
[BlackElo "2229"]
[Result "1-0"]
[Round "05"]
[TimeControl "180+1"]
[Date "2022.06.21"]
[WhiteClock "0:00:06"]
[BlackClock "0:00:01"]

1. d4 Nf6 2. Nf3 d5 3. Bf4 c5 4. e3 Nbd7 5. Be2 g6 6. h3 Bg7 7. O-O O-O 8. Bh2 b6 9. a4 a6 10. c3 Bb7 11. Nbd2 e6 12. a5 cxd4 13. cxd4 b5 14. b4 Qe7 15. Rb1 Rfc8 16. Ne1 e5 17. Nd3 exd4 18. exd4 Ne4 19. Nxe4 dxe4 20. Nc5 Nxc5 21. dxc5 Be5 22. Bxe5 Qxe5 23. Qc1 Rd8 24. Rd1 Bc6 25. Qe3 h5 26. f4 Qf6 27. g4 hxg4 28. hxg4 Qh4 29. Kg2 Rd3 30. Rxd3 exd3+ 31. Bf3 Qxg4+ 32. Kf2 Qh4+ 33. Kg2 Re8 34. Qxd3 Qg4+ 35. Kf2 Qxf4 36. Rb3 Qh2+ 37. Kf1 Qh3+ 38. Kf2 Qh4+ 39. Kg2 Rd8 40. Qe2 Qg5+ 41. Kf1 Rd2 42. Qe3 Qd8 43. Bxc6 Rd1+ 44. Kg2 Rd2+ 45. Kg3 Qc7+ 46. Qf4 1-0


[Site "https://www.chess.com"]

[Event "Titled Tuesday Blitz June 21 Late 2022"]
[White "Titichoca Daza, Daniel"]
[Black "Mendonca, Leon Luke"]
[WhiteFideId "3309550"]
[BlackFideId "35028561"]
[WhiteElo "1912"]
[BlackElo "2152"]
[Result "1-0"]
[Round "05"]
[TimeControl "180+1"]
[Date "2022.06.21"]
[WhiteClock "0:01:56"]
[BlackClock "0:00:15"]

1. e4 c5 2. Nc3 d6 3. Nf3 Nf6 4. d4 cxd4 5. Nxd4 a6 6. Bg5 e6 7. f4 Nbd7 8. Qe2 Qc7 9. O-O-O Be7 10. g3 b5 11. Bg2 Bb7 12. e5 dxe5 13. fxe5 Nd5 14. Bxe7 Nxc3 15. bxc3 Kxe7 16. Bxb7 Qxb7 17. Rhf1 Rac8 18. Qg4 Rhf8 19. Nxe6 Nxe5 20. Qb4+ Kxe6 21. Qd6# 1-0


[Site "https://www.chess.com"]

[Event "Titled Tuesday Blitz June 21 Late 2022"]
[White "Urbina Perez, Juan Antonio"]
[Black "Pappelis, Dimitrios"]
[WhiteFideId "2217368"]
[BlackFideId "4215281"]
[WhiteElo "2192"]
[BlackElo "1998"]
[Result "0-1"]
[Round "05"]
[TimeControl "180+1"]
[Date "2022.06.22"]
[WhiteClock "0:00:48"]
[BlackClock "0:01:28"]

1. d4 d5 2. Nf3 Nf6 3. Bf4 c5 4. c3 Nc6 5. e3 Bg4 6. Nbd2 e6 7. Bd3 Bd6 8. Bxd6 Qxd6 9. O-O O-O 10. h3 Bh5 11. dxc5 Qxc5 12. e4 dxe4 13. Nxe4 Nxe4 14. Bxe4 Rad8 15. Qe2 Bg6 16. Bxg6 hxg6 17. Rfd1 Qb6 18. b3 Qa5 19. c4 Qc3 20. Rac1 Qa5 21. h4 Rxd1+ 22. Rxd1 Rd8 23. Rxd8+ Qxd8 24. Ng5 Qd4 25. Qf3 Ne5 26. Qxb7 Qa1+ 27. Kh2 Ng4+ 28. Kg3 Qc3+ 29. Kxg4 f5+ 30. Kf4 e5# 0-1


[Site "https://www.chess.com"]

[Event "Titled Tuesday Blitz June 21 Late 2022"]
[White "Vasquez Schroeder, Rodrigo"]
[Black "Terry, Renato"]
[WhiteFideId "3400042"]
[BlackFideId "3803457"]
[WhiteElo "2567"]
[BlackElo "2577"]
[Result "1/2-1/2"]
[Round "05"]
[TimeControl "180+1"]
[Date "2022.06.21"]
[WhiteClock "0:00:59"]
[BlackClock "0:00:40"]

1. d4 d5 2. c4 dxc4 3. e3 Nf6 4. Nf3 e6 5. Bxc4 a6 6. O-O c5 7. dxc5 Bxc5 8. Qe2 b5 9. Bd3 Bb7 10. a3 Nbd7 11. Nbd2 O-O 12. b4 Bb6 13. Bb2 Qe7 14. Rac1 Rfc8 15. e4 e5 16. Nh4 g6 17. Nhf3 Nh5 18. g3 f6 19. Nb3 Ng7 20. Rxc8+ Rxc8 21. Rc1 Ne6 22. Rxc8+ Bxc8 23. Qc2 Bb7 24. Bc1 Qd6 25. Qe2 Qc7 26. Bd2 Kf7 27. h4 h5 28. Kg2 Qc6 29. Be1 Qd6 30. Bd2 Kg7 31. Be3 Bd8 32. Bd2 Bb6 33. Be3 Bd8 34. Bd2 Bb6 1/2-1/2


[Site "https://www.chess.com"]